 Dungeon Crawl Stone Soup version 0.26-a0-661-g406de6ba63 (webtiles) character file.

Game seed: 16429781288686612084

104483 MrRokkomies the Carver (level 15, -3/128 HPs)
             Began as a Demonspawn Gladiator on Oct 8, 2020.
             Was a High Priest of Cheibriados.
             Slain by a skeletal warrior
             ... wielding a +0 dire flail
             ... led by a skeletal warrior
              (21 damage)
             ... on level 15 of the Dungeon on Oct 9, 2020.
             The game lasted 01:02:08 (30349 turns).

MrRokkomies the Carver (Demonspawn Gladiator)      Turns: 30349, Time: 01:02:09

Health: -3/128     AC: 11    Str: 30    XL:     15   Next: 92%
Magic:  23/24      EV: 23    Int: 29    God:    Cheibriados [*****.]
Gold:   1510       SH:  5    Dex: 28    Spells: 14/14 levels left

rFire    + . .     SeeInvis +   J - +2 scimitar (flame)
rCold    + . .     Faith    +   m - +0 buckler
rNeg     . . .     Spirit   .   e - +1 leather armour {rPois}
rPois    +         Reflect  .   (helmet unavailable)
rElec    .         Harm     .   V - scarf {rC+ rF+}
rCorr    .         Rampage  .   G - +0 pair of gloves (curse)
MR       +++..                  y - +2 pair of boots {Stlth+}
Stlth    ++++......             F - amulet of Nohaiseu {Faith MR+ Stlth+}
HPRegen  0.31/turn              X - +4 ring of slaying
MPRegen  0.19/turn              Y - ring of protection from magic

@: very slow
A: antennae 3, rugged brown scales 2, spiny 2
a: Bend Time, Temporal Distortion, Slouch, Step From Time, Renounce Religion


You were on level 15 of the Dungeon.
You worshipped Cheibriados.
Cheibriados was extremely pleased with you.
You visited 3 branches of the dungeon, and saw 23 of its levels.
You also visited: Sewer, Gauntlet and Ice Cave.

You collected 3097 gold pieces.
You spent 1587 gold pieces at shops.

Inventory:

Hand Weapons
 a - a +3 scimitar of freezing
 b - the +6 dagger of Suicidal Tendencies {antimagic, rN+}
   (You found it on level 5 of the Lair of Beasts)

   It reduces the magical energy of the wielder, and disrupts the spells and
   magical abilities of those hit.
   Natural abilities and divine invocations are not affected.
   It protects you from negative energy.
 J - a +2 scimitar of flaming (weapon)
Missiles
 d - 6 throwing nets
 h - 71 poisoned darts
 i - 16 silver javelins
 s - 37 boomerangs (quivered)
 N - 11 atropa-tipped darts
 P - 4 javelins
Armour
 e - a +1 leather armour of poison resistance (worn)
 m - a +0 buckler (worn)
 y - a +2 pair of boots of stealth (worn)
 G - a cursed +0 pair of gloves (worn)
 V - a scarf of resistance (worn)
Jewellery
 r - an uncursed ring of stealth
 t - an uncursed ring of fire
 F - the amulet of Nohaiseu (around neck) {Faith MR+ Stlth+}
   (You found it in an ice cave)

   [amulet of faith]

   It allows you to gain divine favour quickly.
   It affects your resistance to hostile enchantments.
   It makes you more stealthy.
 X - a +4 ring of slaying (left hand)
 Y - a ring of protection from magic (right hand)
Wands
 f - a wand of acid (18)
 D - a wand of disintegration (28)
 I - a wand of paralysis (11)
 L - a wand of flame (38)
 O - a wand of iceblast (26)
 R - a wand of polymorph (32)
 Z - a wand of digging (15)
Scrolls
 g - 4 scrolls of fear
 j - 23 scrolls of remove curse
 o - 12 scrolls of teleportation
 q - 4 scrolls of identify
 u - 2 scrolls of amnesia
 v - 3 scrolls of fog
 x - a scroll of immolation
 B - 7 scrolls of blinking
 Q - 8 scrolls of enchant armour
 T - 2 scrolls of enchant weapon
Potions
 c - 4 potions of brilliance
 k - 4 potions of magic
 l - 3 potions of might
 n - 6 potions of stabbing
 p - 10 potions of curing
 w - 2 potions of mutation
 z - 2 potions of lignification
 A - a potion of ambrosia
 C - 2 potions of resistance {unknown}
 H - a potion of cancellation
Miscellaneous
 E - a tin of tremorstones (3/3)
 K - a phantom mirror


   Skills:
 + Level 12.4 Fighting
 - Level 14.0 Long Blades
 - Level 10.0 Throwing
 - Level 7.0 Armour
 * Level 11.0 Dodging
 - Level 12.0 Invocations
 * Level 9.3 Evocations


You had 14 spell levels left.
You didn't know any spells.
Your spell library contained the following spells:

 Spells                   Type           Power        Failure   Level
 Beastly Appendage        Tmut           #.....       19%         1
 Foxfire                  Conj/Fire      #...         19%         1
 Freeze                   Ice            #...         19%         1
 Sandblast                Erth           #.....       19%         1
 Passwall                 Tmut/Erth      #.......     28%         2
 Wereblood                Tmut           #.......     28%         2
 Confusing Touch          Hex            #.......     50%         3
 Conjure Flame            Conj/Fire      #.......     50%         3
 Frozen Ramparts          Ice            #.....       50%         3
 Gell's Gravitas          Tloc           #.........   50%         3
 Inner Flame              Hex/Fire       #.......     50%         3
 Ozocubu's Armour         Ice            #.......     50%         3
 Portal Projectile        Hex/Tloc       #.....       50%         3
 Spider Form              Tmut/Pois      #.........   50%         3
 Stone Arrow              Conj/Erth      #.....       50%         3
 Cause Fear               Hex            #.........   88%         4
 Hailstorm                Conj/Ice       #.......     88%         4
 Ice Form                 Ice/Tmut       #.......     88%         4
 Petrify                  Tmut/Erth      #.......     88%         4
 Sticky Flame             Conj/Fire      #.......     88%         4
 Summon Ice Beast         Ice/Summ       #.......     88%         4
 Blade Hands              Tmut           #.........   99%         5
 Fireball                 Conj/Fire      #.........   99%         5
 Lee's Rapid Deconstruct  Erth           #.........   99%         5
 Metabolic Englaciation   Hex/Ice        #.........   99%         5
 Silence                  Hex/Air        #.........   99%         5
 Yara's Violent Unravell  Hex/Tmut       #.........   99%         5
 Dispersal                Tloc           #.........   100%        6
 Discord                  Hex            #.........   100%        8
 Disjunction              Tloc           #.........   100%        8


Dungeon Overview and Level Annotations

Branches:
Dungeon (15/15)            Temple (0/1) D:5            Lair (6/6) D:9
 Shoals (0/4) Lair:4        Snake (0/4) Lair:4        Slime (0/5) Lair:5
    Orc (2/2) D:11            Elf (0/3) Orc:2        Vaults (0/5) D:14
  Sewer (visited)           IceCv (visited)         Gauntlet (visited)
 Depths: D:15

Altars:
Cheibriados
Kikubaaqudgha
Sif Muna
Vehumet
Beogh
Jiyva

Shops:
D:9 [   D:10 *   D:13 *   Orc:2 ?:([

Annotations:
D:12 1 runed translucent door
Lair:5 1 runed translucent door


Innate Abilities, Weirdness & Mutations

You have a pair of large antennae on your head. (SInv)
You are mostly covered in rugged brown scales. (AC +2, +5% HP)
You are mostly covered in sharp spines.


Message History

The skeletal warrior is moderately damaged.
You hit the skeletal warrior but do no damage.
The skeletal warrior is moderately damaged.
The skeletal warrior is struck by your spines.
The skeletal warrior hits you with a +0 dire flail!
You hit the skeletal warrior. You burn the skeletal warrior.
The skeletal warrior is heavily damaged.
The skeletal warrior is struck by your spines.
The skeletal warrior hits you with a +0 dire flail!!
* * * LOW HITPOINT WARNING * * *
You hit the skeletal warrior but do no damage.
The skeletal warrior is heavily damaged.
You hit the skeletal warrior but do no damage.
The skeletal warrior is heavily damaged.
The skeletal warrior barely misses you.
You slash the skeletal warrior! You burn the skeletal warrior.
The skeletal warrior is almost destroyed.
A skeletal warrior comes into view. It is wielding a +0 flail.
The skeletal warrior hits you with a +0 dire flail!!
You die...

##..# { ### ## ### ###.
.... ..... ..... ...#. ..
####...u.. # # ..
#.....u... ## .#
#.##.#.... #)# #@# .# {.
#.# #z# .# { {c ## #.# #)#
.# {u .# #.# #(# .###c#
.#### #.########(##.....#
.'..###..........z....# #
.'................()#.....
.######..#####.#..{...###.
.# #..# #.#.#......#


You could see 2 skeletal warriors.

Vanquished Creatures
  Jorgrun (D:13)
  An orc warlord (Orc:1)
  A stone giant (Orc:2)
  Nessos (D:14)
  A minotaur (Gauntlet)
  Azrael (D:14)
  A death ooze (Gauntlet)
  A blizzard demon (Gauntlet)
  An ettin (Orc:2)
  An ogre mage (Orc:2)
  3 hydras
  Erolcha (Orc:2)
  Fannar (D:10)
  A yaktaur captain (D:15)
  A vault guard (D:14)
  3 ice dragons
  A death knight (D:14)
  2 boulder beetles
  6 centaur warriors
  2 catoblepae (Lair:6)
  4 two-headed ogres
  11 death yaks
  A deep troll shaman (Lair:6)
  2 tengu warriors
  A skeletal warrior (D:14)
  An iron troll (D:14)
  An unseen horror (D:12)
  2 phantasmal warriors (D:14)
  A wizard (D:15)
  2 deep elf magi
  A lindwurm (Lair:6)
  10 orc sorcerers
  A salamander (shapeshifter) (D:12)
  12 ugly things
  2 cyclopes (D:12)
  Maurice (D:11)
  12 elephants (Lair:6)
  3 ice statues
  7 black mambas
  A centaur zombie (D:11)
  3 gargoyles
  13 cane toads
  A rime drake (shapeshifter) (D:15)
  2 efreet
  2 kobold demonologists
  6 rime drakes
  2 ice devils
  A tengu conjurer (D:13)
  9 komodo dragons
  A freezing wraith (D:14)
  A hornet (shapeshifter) (D:15)
  A polar bear (shapeshifter) (D:15)
  4 polar bears
  2 hornets
  9 blink frogs
  Grinder (D:4)
  7 trolls
  12 slime creatures
  Prince Ribbit (D:5)
  7 dream sheep (Lair:4)
  Sigmund (D:3)
  3 flying skulls (Gauntlet)
  3 shadows
  A wraith (D:14)
  Eustachio (D:4)
  8 wyverns
  38 yaks
  A fire elemental (D:14)
  7 basilisks
  Grum (D:9)
  5 nagas (Lair:4)
  An acid dragon (D:11)
  2 wargs
  2 soldier ants
  3 hell hounds (D:14)
  11 water moccasins
  29 orc warriors
  Duvessa (D:7)
  4 black bears
  22 ice beasts
  A necrophage (D:12)
  3 boggarts (D:15)
  13 ogres
  25 wolves
  6 phantoms
  3 sky beasts
  9 centaurs
  22 bullfrogs
  Blork the orc (D:5)
  10 big kobolds
  A gnoll sergeant (D:10)
  Dowan (D:7)
  2 wyvern skeletons
  5 scorpions
  A killer bee (D:8)
  3 electric eels
  16 wights
  A bullfrog zombie (D:13)
  5 lava snakes (D:12)
  5 hounds
  34 orc wizards
  A centaur skeleton (D:10)
  A gnoll shaman (D:8)
  14 orc priests
  A bullfrog skeleton (D:10)
  9 jellies
  Jessica (D:3)
  7 hell rats (Lair:6)
  7 iguanas
  12 worker ants
  2 hound skeletons
  Robin (D:3)
  A worker ant zombie (D:10)
  8 gnolls
  4 river rats (Sewer)
  17 adders
  2 shadow imps (D:8)
  5 white imps
  3 ufetubi
  6 oozes
  An adder skeleton (D:10)
  An adder zombie (D:8)
  2 dart slugs (D:1)
  3 worms
  5 leopard geckos
  96 orcs
  18 ball pythons
  6 bats
  5 giant cockroaches
  10 goblins
  10 hobgoblins
  8 jackals
  22 kobolds
  A quokka (D:10)
  5 frilled lizards
  A leopard gecko skeleton (D:8)
  27 rats
826 creatures vanquished.

Vanquished Creatures (others)
  27 fungi
  44 plants
71 creatures vanquished.

Grand Total: 897 creatures vanquished

Notes
Turn   | Place    | Note
-------+----------+-------------------------------------------
     0 | D:1      | MrRokkomies the Demonspawn Gladiator began the quest for
                  | the Orb.
     0 | D:1      | Reached XP level 1. HP: 16/16 MP: 1/1
   116 | D:1      | Gained mutation: You are partially covered in sharp spines.
                  | [demonic ancestry]
   116 | D:1      | Reached XP level 2. HP: 23/23 MP: 2/2
   154 | D:1      | Reached skill level 3 in Long Blades
   320 | D:1      | Reached XP level 3. HP: 28/28 MP: 3/3
   488 | D:2      | Found a snail-covered altar of Cheibriados.
   679 | D:2      | Became a worshipper of Cheibriados the Contemplative
  1628 | D:2      | Reached XP level 4. HP: 30/35 MP: 4/4
  1714 | D:2      | Reached skill level 1 in Invocations
  2338 | D:3      | Reached * piety under Cheibriados
  2466 | D:3      | Gained mutation: You are partially covered in rugged brown
                  | scales. (AC +1, +3% HP) [demonic ancestry]
  2466 | D:3      | Reached XP level 5. HP: 19/42 MP: 4/6
  2896 | D:3      | Noticed Jessica
  2904 | D:3      | Killed Jessica
  3091 | D:3      | Noticed Sigmund
  3100 | D:3      | Killed Sigmund
  3100 | D:3      | Reached skill level 4 in Long Blades
  3100 | D:3      | Reached XP level 6. HP: 49/49 MP: 7/7
  3177 | D:3      | Noticed Robin
  3190 | D:3      | Killed Robin
  3833 | D:4      | Found a glowing drain.
  3844 | D:4      | Reached ** piety under Cheibriados
  3844 | D:4      | Gained mutation: You are mostly covered in rugged brown
                  | scales. (AC +2, +5% HP) [demonic ancestry]
  3844 | D:4      | Reached XP level 7. HP: 43/57 MP: 9/9
  3861 | Sewer    | Entered a sewer
  4136 | Sewer    | Reached *** piety under Cheibriados
  4344 | D:4      | Reached skill level 5 in Fighting
  4350 | D:4      | Reached skill level 5 in Long Blades
  4412 | D:4      | Noticed Eustachio
  4469 | D:4      | Killed Eustachio
  4469 | D:4      | Gained mutation: You are mostly covered in sharp spines.
                  | [demonic ancestry]
  4469 | D:4      | Reached XP level 8. HP: 48/66 MP: 9/11
  4871 | D:4      | Noticed Grinder
  4883 | D:4      | Killed Grinder
  5121 | D:4      | Reached **** piety under Cheibriados
  5172 | D:4      | Reached skill level 6 in Long Blades
  5356 | D:5      | Entered Level 5 of the Dungeon
  5358 | D:5      | Noticed Blork the orc
  5369 | D:5      | Killed Blork the orc
  5369 | D:5      | Reached skill level 5 in Invocations
  5524 | D:5      | Found a staircase to the Ecumenical Temple.
  5554 | D:5      | Noticed Prince Ribbit
  5562 | D:5      | Killed Prince Ribbit
  5562 | D:5      | Gained mutation: You have a pair of small antennae on your
                  | head. [demonic ancestry]
  5562 | D:5      | Reached XP level 9. HP: 31/74 MP: 12/12
  5820 | D:5      | Reached skill level 5 in Dodging
  6578 | D:6      | Reached ***** piety under Cheibriados
  6625 | D:6      | Reached skill level 7 in Long Blades
  7190 | D:6      | Reached skill level 5 in Throwing
  7405 | D:7      | Noticed Duvessa
  7405 | D:7      | Noticed Dowan
  7415 | D:7      | Killed Duvessa
  7419 | D:7      | Killed Dowan
  8049 | D:8      | Reached XP level 10. HP: 77/84 MP: 15/15
  9389 | D:9      | Found Xawn's Antique Armour Boutique.
  9389 | D:9      | Found a staircase to the Lair.
  9395 | D:9      | Bought a shiny chain mail for 180 gold pieces
  9395 | D:9      | Bought a glowing chain mail for 180 gold pieces
  9500 | D:9      | Noticed a tengu warrior
  9552 | D:9      | Got a glimmering war axe
  9553 | D:9      | Identified the +3 war axe of Bloody Death {venom, rF+ Int-3
                  | Dex+8} (You found it on level 9 of the Dungeon)
  9646 | D:9      | Noticed Grum
  9650 | D:9      | Reached skill level 8 in Long Blades
  9652 | D:9      | Reached ****** piety under Cheibriados
  9661 | D:9      | Killed Grum
  9742 | D:9      | Killed a tengu warrior
 10028 | D:10     | Entered Level 10 of the Dungeon
 10031 | D:10     | Noticed Fannar
 10052 | D:9      | Upgraded the game from 0.26-a0-660-gc07710193c to
                  | 0.26-a0-661-g406de6ba63
 10282 | D:10     | Noticed a two-headed ogre
 10290 | D:10     | Killed a two-headed ogre
 10472 | D:10     | Reached XP level 11. HP: 93/93 MP: 17/17
 10557 | D:10     | Killed Fannar
 10557 | D:10     | Reached skill level 9 in Long Blades
 10760 | D:10     | Found Xeleolem's Assorted Antiques.
 11261 | D:11     | Noticed Maurice
 11405 | D:11     | Killed Maurice
 11624 | D:11     | Reached skill level 10 in Fighting
 11905 | D:11     | Found a staircase to the Orcish Mines.
 12010 | D:11     | Noticed a brown ugly thing
 12016 | D:11     | Killed a brown ugly thing
 12503 | Lair:1   | Entered Level 1 of the Lair of Beasts
 13115 | Lair:2   | Reached skill level 10 in Long Blades
 13287 | Lair:2   | Reached XP level 12. HP: 92/103 MP: 19/19
 13928 | Lair:3   | Noticed a death yak
 13928 | Lair:3   | Noticed a death yak
 13928 | Lair:3   | Noticed a death yak
 13928 | Lair:3   | Noticed a death yak
 13928 | Lair:3   | Noticed a death yak
 13934 | Lair:3   | Killed a death yak
 13934 | Lair:3   | Killed a death yak
 13934 | Lair:3   | Killed a death yak
 13934 | Lair:3   | Killed a death yak
 13934 | Lair:3   | Reached skill level 10 in Invocations
 13935 | Lair:3   | Killed a death yak
 14113 | Lair:3   | Found a gate leading to a gauntlet.
 14121 | Gauntlet | Entered a Gauntlet
 14121 | Gauntlet | Found a transporter.
 14121 | Gauntlet | Found a transporter.
 14121 | Gauntlet | Found a transporter.
 14122 | Gauntlet | Found a transporter.
 14125 | Gauntlet | Found a transporter.
 14125 | Gauntlet | Found a transporter.
 14133 | Gauntlet | Noticed a death ooze
 14135 | Gauntlet | Found a transporter.
 14139 | Gauntlet | Found a transporter.
 14143 | Gauntlet | Noticed an entropy weaver
 14149 | Gauntlet | Found a transporter.
 14154 | Gauntlet | Found a transporter.
 14156 | Gauntlet | Noticed a blizzard demon
 14173 | Gauntlet | Found a transporter.
 14177 | Gauntlet | Found a transporter.
 14365 | Gauntlet | Killed a death ooze
 14532 | Gauntlet | Killed a blizzard demon
 14532 | Gauntlet | Reached skill level 11 in Long Blades
 14536 | Gauntlet | Got a pitted crystal amulet
 14547 | Gauntlet | Identified the amulet of Plog {RegenMP Str-2 Dex+7} (You
                  | found it in a Gauntlet)
 14799 | Gauntlet | Noticed a minotaur
 14815 | Gauntlet | Killed a minotaur
 15393 | Lair:3   | You fall into a shaft and drop 3 floors!
 15393 | Lair:6   | Entered Level 6 of the Lair of Beasts
 15418 | Lair:6   | Gained mutation: You have a pair of antennae on your head.
                  | [demonic ancestry]
 15418 | Lair:6   | Reached XP level 13. HP: 94/112 MP: 21/21
 16579 | Lair:4   | Found a shimmering blue altar of Sif Muna.
 16615 | Lair:4   | Reached skill level 12 in Long Blades
 16628 | Lair:4   | Found a staircase to the Shoals.
 17004 | Lair:4   | Found a staircase to the Snake Pit.
 18904 | Lair:5   | You fall into a shaft and drop 1 floor!
 19101 | Lair:5   | Got an iridescent dagger
 19102 | Lair:5   | Identified the +6 dagger of Suicidal Tendencies {antimagic,
                  | rN+} (You found it on level 5 of the Lair of Beasts)
 19388 | Lair:5   | Found a runed translucent door.
 19388 | Lair:5   | Found a viscous altar of Jiyva.
 19388 | Lair:5   | Found a staircase to the Slime Pits.
 19864 | Lair:6   | Reached XP level 14. HP: 120/120 MP: 23/23
 20642 | Lair:6   | Reached skill level 13 in Long Blades
 20676 | Lair:6   | Reached skill level 10 in Dodging
 21265 | D:10     | Reached skill level 10 in Throwing
 21357 | Orc:1    | Entered Level 1 of the Orcish Mines
 21486 | Orc:2    | Entered Level 2 of the Orcish Mines
 21565 | Orc:1    | Noticed an orc warlord
 21567 | Orc:1    | Reached skill level 1 in Armour
 21567 | Orc:1    | Reached skill level 1 in Evocations
 21582 | Orc:1    | Killed an orc warlord
 21925 | Orc:2    | Noticed a stone giant
 21939 | Orc:2    | Killed a stone giant
 21945 | Orc:2    | Found a staircase to the Elven Halls.
 21960 | Orc:2    | Found a frozen archway.
 21967 | IceCv    | Entered an ice cave
 22977 | IceCv    | Got a bound golden amulet
 23139 | IceCv    | Identified the amulet of Nohaiseu {Faith MR+ Stlth+} (You
                  | found it in an ice cave)
 23429 | Orc:2    | Found a radiant altar of Vehumet.
 23430 | Orc:2    | Noticed Erolcha
 23440 | Orc:2    | Killed Erolcha
 23724 | Orc:2    | Found Dylipuxze's Book Emporium.
 23753 | Orc:2    | Found an ancient bone altar of Kikubaaqudgha.
 23819 | Orc:2    | Found a roughly hewn altar of Beogh.
 23819 | Orc:2    | Found Taklud's Antique Armour Shoppe.
 23823 | Orc:2    | Reached skill level 5 in Evocations
 23937 | Orc:2    | Found Etines's Antique Weapon Shoppe.
 23939 | Orc:2    | Bought a pair of runed boots for 157 gold pieces
 23956 | Orc:2    | Found Ciusozak's Magic Scroll Emporium.
 23975 | Orc:2    | Bought a scroll of brand weapon for 280 gold pieces
 24570 | Orc:2    | Bought a runed plate armour for 546 gold pieces
 24570 | Orc:2    | Bought a glowing hat for 147 gold pieces
 25159 | D:12     | Reached skill level 5 in Armour
 25159 | D:12     | Gained mutation: You have a pair of large antennae on your
                  | head. (SInv) [demonic ancestry]
 25159 | D:12     | Reached XP level 15. HP: 67/126 MP: 24/24
 25476 | D:12     | Noticed a frost giant
 25482 | D:12     | Found a runed translucent door.
 25744 | D:13     | Reached skill level 14 in Long Blades
 26114 | D:13     | Noticed Jorgrun
 26127 | D:13     | Killed Jorgrun
 26606 | D:13     | Found Miosm's General Store.
 26629 | D:13     | Bought a potion of curing for 45 gold pieces
 26629 | D:13     | Bought a scroll of immolation for 52 gold pieces
 26640 | D:13     | Found a roughly hewn altar of Beogh.
 28024 | D:14     | Noticed Nessos
 28031 | D:14     | Killed Nessos
 28036 | D:14     | Noticed Azrael
 28044 | D:14     | Killed Azrael
 28199 | D:14     | Found a gate to the Vaults.
 29072 | D:15     | Entered Level 15 of the Dungeon
 29780 | D:15     | Noticed an azure jelly
 29785 | D:15     | Noticed a storm dragon
 29785 | D:15     | an azure jelly changed into a storm dragon
 29786 | D:15     | a storm dragon changed into a satyr
 30338 | D:15     | Identified the +3 chain mail of Analysis {Rampage rN+
                  | rCorr}
 30349 | D:15     | Slain by a skeletal warrior

Illustrated notes

Levels and vault maps discovered:
D:1:      giann_forest_graveyard, layout_basic
D:2:      layout_basic, cheibriados_altar_1
D:3:      layout_loops_corners, uniq_robin, uniq_jessica, uniq_sigmund
D:4:      minmay_diamond_boxcup, layout_loops_ring, gup_sewer_entry_glass,
          uniq_grinder, uniq_eustachio
D:5:      layout_basic, minmay_temple_entry_arrows, uniq_prince_ribbit1,
          uniq_blork_the_orc
D:6:      layout_cave_pools
D:7:      layout_loops_cross, uniq_duvessa
D:8:      minmay_recursive_quarters, layout_loops_ring
D:9:      layout_roguey, lair_entry_dummy, serial_shops, shop, minmay_radiant,
          uniq_grum
D:10:     layout_gridville, serial_shops, nicolae_shop_overgrown_old_shop,
          uniq_fannar
D:11:     layout_loops_corners, erik_orc_2, uniq_maurice
D:12:     kennysheep_big_flooded_room, layout_loops_ring, minmay_st_funbox
D:13:     layout_roguey [special_room_orc], serial_shops, shop, ice2_lemuel,
          uniq_jorgrun
D:14:     layout_loops_ring, david_vaults_4, hangedman_decor_peaks_small,
          minmay_misc_feat_plants, uniq_nessos, uniq_azrael
D:15:     gammafunk_enter_depths_forms, layout_loops_ring, grunt_decor_cap,
          hangedman_corner_corridor
Lair:1:   layout_hall_layers, chequers_serial_rivers_small_a,
          serial_bayou_pond_e, serial_bayou_pond_c, grunt_megastairs_4,
          serial_bayou_shore_b
Lair:2:   layout_chaotic_city, chequers_serial_rivers_large_a
Lair:3:   layout_cave_pods, gauntlet_entry_generic
Lair:4:   layout_gridlike, minmay_shoals_entry_centaurs,
          minmay_snake_entry_guardpost_medium, st_stairs_10,
          lemuel_altar_in_water2, infiniplex_staircase_pool
Lair:5:   layout_regular_city, slime_altar_2
Lair:6:   grunt_lair_end_beastmaster, layout_gridlike, lookout_lair_type,
          infiniplex_staircase_pool_2, lemuel_fruit_tree
Orc:1:    layout_caves
Orc:2:    kennysheep_orc_mage_school, layout_diamond_mine,
          portal_ice_cave_entry_pillars_1

Skill      XL: |  1  2  3  4  5  6  7  8  9 10 11 12 13 14 15 |
---------------+----------------------------------------------+-----
Long Blades    | 3 4 5 6 7 8 10 11 12 13 14 | 14.0
Throwing       | 2 3 4 5 6 7 8 9 10 | 10.0
Dodging        | 3 4 5 6 7 8 9 10 11 | 11.0
Fighting       | 3 4 5 6 8 9 10 11 12 | 12.4
Invocations    | 1 2 3 4 5 6 8 9 10 12 | 12.0
Armour         | 5 7 |  7.0
Evocations     | 5 9 |  9.3

Action                   |  1- 3 |  4- 6 |  7- 9 | 10-12 | 13-15 || total
-------------------------+-------+-------+-------+-------+-------++-------
Melee: Long sword        |    61 |    94 |   298 |    67 |       ||   520
       Falchion          |       |       |       |    53 |       ||    53
       Scimitar          |       |       |       |   301 |   809 ||  1110
Throw: Dart              |     4 |     9 |    31 |    77 |    50 ||   171
       Boomerang         |       |       |     1 |     3 |   284 ||   288
       Throwing net      |       |       |       |     1 |       ||     1
       Javelin           |       |       |       |       |    11 ||    11
Invok: Slouch            |       |       |       |    11 |    14 ||    25
       Temporal Distorti |       |       |       |       |     4 ||     4
       Step From Time    |       |       |       |       |     3 ||     3
       Bend Time         |       |       |       |       |     1 ||     1
Evoke: Wand              |       |       |       |    14 |    11 ||    25
  Use: Scroll            |     2 |     4 |     5 |    16 |    13 ||    40
       Potion            |       |       |       |     6 |     3 ||     9
 Stab: Sleeping          |       |     2 |     4 |     6 |    17 ||    29
       Held in net/web   |       |       |       |     2 |       ||     2
       Distracted        |       |       |       |     2 |       ||     2
       Petrified         |       |       |       |       |     1 ||     1
       Paralysed         |       |       |       |       |    13 ||    13
Armor: Leather armour    |    24 |    19 |    90 |    87 |    92 ||   312
       Chain mail        |       |       |       |     3 |       ||     3
       Skin              |       |       |       |       |    33 ||    33
Dodge: Dodged            |    49 |    53 |   221 |   354 |   544 ||  1221
Block: Buckler           |       |    10 |    94 |   132 |   186 ||   422
       Rpst.: Long sword |     8 |    17 |    66 |    18 |       ||   109
       Falchion          |       |       |       |     8 |       ||     8
       Scimitar          |       |       |       |    79 |   153 ||   232

Table legend: (Time is in decaauts)
 A = Elapsed time spent in this place.
 B = Non-inter-level travel time spent in this place.
 C = Inter-level travel time spent in this place.
 D = Time resting spent in this place.
 E = Time spent auto-exploring this place.
 F = Levels seen in this place.
 G = Mean time per level.
                   A        B        C        D        E       F      G
               +--------+--------+--------+--------+--------+-----+--------+
         Total |  41965 |  39787 |   2178 |   4392 |  29097 |  26 | 1614.0 |
       Dungeon |  24368 |  23273 |   1095 |   1912 |  17715 |  15 | 1624.5 |
          Lair |  11270 |  10663 |    607 |    601 |   8756 |   6 | 1878.3 |
  Orcish Mines |   3147 |   2673 |    474 |    516 |   1522 |   2 | 1573.5 |
         Sewer |    568 |    568 |      0 |      0 |    362 |   1 |  568.0 |
      Ice Cave |   1329 |   1329 |      0 |    701 |    455 |   1 | 1329.0 |
      Gauntlet |   1279 |   1279 |      0 |    662 |    285 |   1 | 1279.0 |
               +--------+--------+--------+--------+--------+-----+--------+

Top non-repeatable levels by time:
  Lair:6: 2734 daAuts
    D:14: 2633 daAuts
   Orc:2: 2260 daAuts
  Lair:4: 2209 daAuts
    D:10: 2079 daAuts
  Lair:5: 2076 daAuts
     D:2: 1954 daAuts
    D:11: 1943 daAuts
     D:8: 1851 daAuts
     D:4: 1828 daAuts
    D:13: 1724 daAuts
  Lair:2: 1716 daAuts
     D:3: 1663 daAuts
  Lair:3: 1597 daAuts
    D:15: 1500 daAuts
